Unix NetHack Version 5.0.0-0 post-release - last build May 23 2026 06:08:33 (1c0ff79ee797540d5714e4e18072db0edd9e58ae,branch:main).

Game began 2026-05-27 22:24:38, ended 2026-05-27 22:34:24.

CyberFan, lawful female dwarven Archeologist

               ----                 --
              --..|            - -- .--
   ----       |...---          .......|
  --..-----    -....|      - .........|
  |.(.....------....------ ..........-
  |..............................------
  --......-------....------h..........-
   --...|.--    |............G..----
    ----|*.--   |....--........--
       ---..--  --------...--..|
    -- |.....----       ----   -
    |...<.......|
    |.......--- |
    -.........
   -..........|
  -...........-
  .............
|..--....-----.-
--- ---.--    --
      --

CyberFan the Field Worker  St:11 Dx:9 Co:15 In:16 Wi:16 Ch:10  Lawful
Dlvl:5  $:40 HP:0(29) Pw:9(9) AC:2  Xp:3/72 T:1636 

Latest messages:
 You find a hidden passage.
 You descend the stairs.
 You climb up the stairs.
 You hit the iguana.
 The iguana misses!
 You hit the iguana.
 The iguana bites!
 You hit the iguana.
 The iguana bites!
 You hit the iguana.
 The iguana bites!
 You hit the iguana.
 The iguana bites!
 You kill the iguana!
 The kobold hits!
 The kobold hits!
 You kill the kobold!
 Ouch!  You bump into a door.
 You hit the werejackal.
 The werejackal hurls a purple-red potion!
 The jar crashes on your head and breaks into shards.
 The purple-red potion evaporates.
 You feel somewhat dizzy.
 You hit the werejackal.
 The werejackal changes into a jackal.
 The werejackal bites!
 You kill the werejackal!
 You feel less confused now.
 You see here a dart.
 You descend the stairs.
 G - a black gem.
 What do you want to use or apply? [ae-iF or ?*]
 What do you want to rub on the stone? [$xG or ?*]
 G - a worthless piece of black glass.
 What do you want to use or apply? [ae-iF or ?*]
 What do you want to rub on the stone? [$x or ?*]
 x - a worthless piece of yellowish brown glass.
 What do you want to drop? [$ac-ik-np-suw-yA-CE-G or ?*]
 You drop a worthless piece of black glass.
 What do you want to drop? [$ac-ik-np-suw-yA-CEF or ?*]
 You drop a worthless piece of yellowish brown glass.
 You see here a leash.
 The bugbear zaps a marble wand!
 The bolt of fire whizzes by you!
 The bugbear zaps a wand of fire!
 The bolt of fire hits you!
 The bugbear zaps a wand of fire!
 The bolt of fire hits you!
 Your scroll of food detection catches fire and burns!
 You die...

Inventory:
 Coins    ('$')
  $ - 40 gold pieces
 Weapons  (')')
  a - an uncursed +2 bullwhip
 Armor    ('[')
  c - a blessed +0 fedora (being worn)
  B - a cursed -1 pair of gauntlets of fumbling named cursed?
  s - an uncursed +2 dwarvish mithril-coat (being worn)
 Comestibles  ('%')
  d - 4 uncursed food rations
  p - an uncursed fortune cookie
  m - an uncursed homemade tin of kobold meat
 Scrolls  ('?')
  A - an uncursed scroll of confuse monster
  y - a blessed scroll of enchant weapon
  E - an uncursed scroll of gold detection
  r - an uncursed scroll of identify
  u - an uncursed scroll of identify
  l - an uncursed scroll of light
 Potions  ('!')
  n - an uncursed potion of gain energy
  k - a blessed potion of healing
  q - an uncursed potion of healing
  w - a potion of holy water
 Wands    ('/')
  F - a cursed wand of speed monster (0:5)
 Tools    ('(')
  h - an empty uncursed sack
  i - an uncursed magic marker (0:20)
  e - an uncursed corroded +0 pick-axe (weapon in right hand)
  f - an uncursed tinning kit (0:31)
 Gems/Stones  ('*')
  g - an uncursed touchstone

CyberFan the Archeologist's attributes:

Background:
 You were a Field Worker, a level 3 female dwarven Archeologist.
 You were lawful, nominally on a mission for Quetzalcoatl
 who was opposed by Camaxtli (neutral) and Huhetotl (chaotic).
 You were right-handed.
 You were in the Gnomish Mines, on level 5.
 You entered the dungeon 1636 turns ago.
 It was nighttime.
 You had 72 experience points, 8 more were needed to attain level 4.

Basics:
 You had 0 out of 29 hit points.
 You had all 9 energy points (spell power).
 Your armor class was 2.
 Your wallet contained 40 zorkmids.
 Autopickup was on for '$%?!"=/*' plus thrown, with exceptions.

Final Characteristics:
 Your strength was 11 (limit:18/100).
 Your dexterity was 9 (limit:20).
 Your constitution was 15 (limit:20).
 Your intelligence was 16 (limit:16).
 Your wisdom was 16 (limit:16).
 Your charisma was 10 (limit:16).

Final Status:
 You weren't hungry.
 You were unencumbered.
 You were wielding a pick-axe.
 You had basic skill with pick-axe.

Final Attributes:
 You were devoutly aligned.
 You had automatic searching.
 You had infravision.
 You were guarded.
 You were lucky.
 You are dead.

Miscellaneous:
 You disabled loading and storing of bones levels.
 Total elapsed playing time was 9 minutes and 45 seconds.

Major events:
 Turn
    1: CyberFan the lawful female dwarven Archeologist entered the dungeon
  953: entered the Gnomish Mines
 1094: attained the rank of Field Worker (level 3)
 1636: killed by a bolt of fire zapped by a bugbear

You didn't know any spells.

Skills:
 Fighting Skills
   bare handed combat [Unskilled]
   two weapon combat  [Unskilled]
   riding             [Unskilled]
 Weapon Skills
   dagger             [Unskilled]
   knife              [Unskilled]
   pick-axe           [Basic]
   short sword        [Unskilled]
   saber              [Unskilled]
   club               [Unskilled]
   quarterstaff       [Unskilled]
   sling              [Unskilled]
   dart               [Unskilled]
   boomerang          [Unskilled]
   whip               [Basic]
   unicorn horn       [Unskilled]
 Spellcasting Skills
   attack spells      [Unskilled]
   healing spells     [Unskilled]
   divination spells  [Unskilled]
   matter spells      [Unskilled]

Voluntary challenges:
 Character rerolling was not enabled.
 You were an atheist.
 You never genocided any monsters.
 You never polymorphed an object.
 You never changed form.
 You used no wishes.
Achievements:
 You entered a shop.
 You entered the Gnomish Mines.
 You attained the rank of Field Worker.

 The Dungeons of Doom: levels 1 to 5
    Level 1:
       Some fountains.
    Level 2:
    Level 3:
       A general store.
    Level 4:
       Some fountains.
       Stairs down to The Gnomish Mines.
    Level 5:
 The Gnomish Mines:
    Level 5: <- You were here.
       Final resting place for
          you, killed by a bolt of fire zapped by a bugbear.


Vanquished creatures:
  a werejackal
  2 iguanas
  a brown mold
  a green mold
  a gnome zombie
  a gecko
  5 jackals
  a fox
  3 kobolds
  2 goblins
  3 sewer rats
  3 grid bugs
  a lichen
  4 newts
29 creatures vanquished.

No species were genocided or became extinct.

Game over:
                       ----------
                      /          \
                     /    REST    \
                    /      IN      \
                   /     PEACE      \
                  /                  \
                  |     CyberFan     |
                  |      40 Au       |
                  | killed by a bolt |
                  |  of fire zapped  |
                  |   by a bugbear   |
                  |                  |
                  |       2026       |
                 *|     *  *  *      | *
        _________)/\\_//(\/(/\)/\//\/|_)_______

Goodbye CyberFan the Archeologist...

You died in The Gnomish Mines on dungeon level 5 with 524 points,
and 40 pieces of gold, after 1636 moves.
You were level 3 with a maximum of 29 hit points when you died.

